 Dungeon Crawl Stone Soup version 0.17-a0-1804-gf6433eb (webtiles) character file.

64 luca467 the Insei (level 3, 0/29 HPs)
             Began as a Demonspawn Monk on Sept 11, 2015.
             Slain by a goblin
             ... wielding a +0 dagger
             ... led by Robin
              (5 damage)
             ... on level 1 of the Dungeon.
             The game lasted 00:06:36 (1384 turns).

luca467 the Insei (Demonspawn Monk)                 Turns: 1384, Time: 00:06:37

Health: 0/29       AC:  4    Str: 11    XL:     3   Next: 91%
Magic:  3/3        EV: 13    Int: 11    God:
Gold:   34         SH:  0    Dex: 16    Spells: 0 memorised, 2 levels left

rFire  . . .     SeeInvis .       - Unarmed
rCold  . . .     Clarity  .     a - +0 robe
rNeg   . . .     SustAt   .     (no shield)
rPois  .         Gourm    .     q - +0 helmet
rElec  .         Spirit   .     (no cloak)
rCorr  .         Warding  .     (no gloves)
rMut   .         Stasis   .     (no boots)
MR     .....                    (no amulet)
Stlth  ++........               (no ring)
                                (no ring)

@: not resistant to hostile enchantments, unstealthy
A: rugged brown scales 1
a: no special abilities


You were on level 1 of the Dungeon.
You were hungry.

You visited 1 branch of the dungeon, and saw 2 of its levels.

You collected 34 gold pieces.

Inventory:

Armour
 a - a +0 robe (worn)
 q - a +0 helmet (worn)
Scrolls
 d - 2 scrolls of amnesia {unknown}
 g - 2 scrolls of magic mapping {unknown}
 h - a scroll of fog {unknown}
 i - a scroll of remove curse {unknown}
 k - 2 scrolls of noise {unknown}
 p - a scroll of recharging {unknown}
Potions
 f - a potion of beneficial mutation {unknown}
 j - 2 potions of flight {unknown}
 l - a potion of brilliance {unknown}
 n - a potion of agility {unknown}
 o - a potion of lignification {unknown}
Comestibles
 b - 2 bread rations
 c - 3 meat rations
 m - 2 fruits


   Skills:
 + Level 3.5 Fighting
 + Level 3.2 Dodging
 - Level 1.7 Stealth
 * Level 4.3 Unarmed Combat


You had 2 spell levels left.
You didn't know any spells.

Dungeon Overview and Level Annotations

Branches:
Dungeon (2/15)

Altars:


Innate Abilities, Weirdness & Mutations

You are partially covered in rugged brown scales (AC +1, +3% HP).


Message History

The hobgoblin hits you with a club.
You hit the goblin.
The goblin is almost dead.
The hobgoblin closely misses you. The goblin closely misses you.
The goblin closely misses you. The goblin hits you with a club.
* * * LOW HITPOINT WARNING * * *
You barely miss the goblin.
The goblin is almost dead.
The hobgoblin misses you. The goblin hits you.
* * * LOW HITPOINT WARNING * * *
The goblin barely misses you. The hobgoblin closely misses you.
The goblin misses you.
You hit the goblin but do no damage.
The goblin is almost dead.
The hobgoblin closely misses you. The goblin barely misses you.
The goblin barely misses you. The hobgoblin barely misses you.
You hit the goblin.
You kill the goblin!
The goblin closely misses you. The goblin hits you with a dagger.
You die...

############## ###### ##
#...##..).g..####....####.
##......†@g..'............
#....)...gg..##......#.##.
##...........##.#.......#.
##...........##)#....####.
#............##.#.......#.
##..............#..#.##.#.
#..............(.........
#............#.##.######.
##.##........#....# #.


You could see 2 hobgoblins and 2 goblins.

Vanquished Creatures
  Robin (D:1)
  An adder (D:2)
  3 giant geckos (D:1)
  10 bats
  2 giant cockroaches
  5 hobgoblins
  6 kobolds
  A giant newt (D:2)
  10 goblins
  3 rats
42 creatures vanquished.

Notes
Turn   | Place    | Note
--------------------------------------------------------------
     0 | D:1      | luca467 the Demonspawn Monk began the quest for the Orb.
     0 | D:1      | Reached XP level 1. HP: 18/18 MP: 1/1
   300 | D:1      | Gained mutation: You are partially covered in rugged brown scales (AC +1, +3% HP). [demonic ancestry]
   300 | D:1      | Reached XP level 2. HP: 18/24 MP: 2/2
   440 | D:1      | Reached skill level 4 in Unarmed Combat
   843 | D:2      | Noticed Robin
   893 | D:1      | Reached XP level 3. HP: 20/29 MP: 3/3
  1356 | D:1      | Killed Robin
  1384 | D:1      | Slain by a goblin

Vault maps used:
D:1:      dpeg_arrival_refuge, st_stairs_1, minmay_misc_feat_four_crosses
D:2:      kennysheep_generic_room_3, uniq_robin

Action                   || total
-------------------------++-------
Melee: Unarmed           ||   127
  Use: Potion            ||     2
 Stab: Sleeping          ||     4
  Eat: Chunk             ||     1
